 Dungeon Crawl Stone Soup version 0.27.0-1-g7a089689b8 (webtiles) character file.

Game seed: 7238204130745767240

37 spiderkeys the Sneak (level 3, -1/16 HPs)
             Began as a Vine Stalker Enchanter on Aug 5, 2021.
             Slain by an adder (3 damage)
             ... on level 2 of the Dungeon.
             The game lasted 00:03:29 (1920 turns).

spiderkeys the Sneak (Vine Stalker Enchanter)       Turns: 1920, Time: 00:03:30

Health: -1/16      AC:  4    Str: 10    XL:     3   Next: 39%
Magic:  0/7        EV: 12    Int: 15    God:
Gold:   40         SH:  0    Dex: 15    Spells: 4/7 levels left

rFire    . . .     SeeInvis .   a - +1 dagger
rCold    . . .     Faith    .   (no shield)
rNeg     . . .     Spirit   +   b - +0 robe
rPois    .         Reflect  .   (no helmet)
rElec    .         Harm     .   (no cloak)
rCorr    .         Rampage  .   e - +0 pair of gloves
Will     .....                  f - +0 pair of boots
Stlth    +++.......             (no amulet)
HPRegen  0.05/turn              (no ring)
MPRegen  0.10/turn              (no ring)

@: no status effects
A: fangs 2, magic shield, antimagic bite, no potion heal 2
a: no special abilities


You were on level 2 of the Dungeon.
You visited 1 branch of the dungeon, and saw 2 of its levels.

You collected 40 gold pieces.


Innate Abilities, Weirdness & Mutations

You have extremely sharp teeth.
When hurt, damage is shared between your health and your magic reserves.
Your bite disrupts and absorbs the magic of your enemies.
Potions cannot restore your health.


   Skills:
 + Level 1.3 Short Blades
 + Level 1.9 Dodging
 + Level 4.0 Stealth
 + Level 2.6 Spellcasting
 + Level 3.3 Hexes


You had 4 spell levels left.
You knew the following spells:

 Your Spells              Type           Power      Damage    Failure   Level
a - Corona                Hex            12%        N/A       5%          1
e - Ensorcelled Hibernat  Hex/Ice        12%        N/A       16%         2

Your spell library contained the following spells:

 Spells                   Type           Power      Damage    Failure   Level
 Confusing Touch          Hex            11%        N/A       16%         3
 Tukima's Dance           Hex            11%        N/A       16%         3
 Dazzling Flash           Conj/Hex       12%        N/A       32%         3

Inventory:

Hand Weapons
 a - a +1 dagger (weapon)
Missiles
 c - 66 stones
 g - 46 sling bullets
Armour
 b - a +0 robe (worn)
 e - a +0 pair of gloves (worn)
   (You found it on level 1 of the Dungeon)
 f - a +0 pair of boots (worn)
   (You found it on level 1 of the Dungeon)
Scrolls
 j - a scroll of amnesia {unknown}
 k - a scroll of identify {unknown}
 l - a scroll of vulnerability {unknown}
Potions
 h - a potion of might {unknown}

Dungeon Overview and Level Annotations

Branches:
Dungeon (2/15)

Altars:

,* ***,*,* #...........* ,*
*,,,*,* ##.....>....* ,*
*,***,**** #..........*
,***,***,,,,* #..........*
,*,,,,,,,,,** #..$.......*
**,,,,,,,,****##.........*
**,,,,,,,,,,,,,#.........*
,,,,,,,,,,****,#.........****
,,,,,,,,,,*###+#@........,,,*
,,,,,,,,,,*#....S........,,,*
,,,,,,,,,,*#.............,,,*
**,,,,,,,,*#.............,,,*
**********#.............,,,*
#.............,,,*
###+#...>.....,,,**
*,#.....[...,,,,*
*,##########***,*


You could see an adder.


Message History

You hit the bat.
You kill the bat! 😮 HP[+1]
You see here a bat corpse.
Key pressed, stopping explore.
A rat comes into view. 😎 HP[+5] MP[+4]
Your hp is fully restored (16).
Your mp is fully restored (7).
A rat is nearby!
A rat is nearby!
You see here 6 gold pieces.
The helpless rat fails to defend itself.
You puncture the rat!
You kill the rat!
No target in view!
No target in view!
You now have 40 gold pieces (gained 6).
Found an escape hatch in the floor.
A ball python comes into view.
A ball python is nearby!
You see here 12 gold pieces.
An adder comes into view.
Found a stone staircase leading down.
The helpless ball python fails to defend itself.
You impale the ball python!!
You kill the ball python!
You closely miss the adder.
The adder hisses angrily.
The adder closely misses you.
You hit the adder. The adder bites you but does no damage.
You barely miss the adder. Your bite misses the adder. The adder bites you.
You are poisoned.
The adder poisons you! The adder barely misses you. 😎 MP[-1]
You lost 1 mp, and now have 6/7 mp.
You hit the adder.
You feel sick. The adder bites you.
You are more poisoned.
The adder poisons you! 😕 HP[-3] MP[-1]
You take 3 damage, and now have 13/16 hp.
You lost 1 mp, and now have 5/7 mp.
Casting: Ensorcelled Hibernation (safe; 16% risk of failure)
Confirm with . or Enter, or press ? or * to list all spells.
Aiming: Ensorcelled Hibernation (safe; 16% risk of failure)
Press: ? - help, Shift-Dir - straight line, f - adder
Aim: an adder (moderately wounded, chance to affect: 47%)
The adder resists with some effort.
You feel sick.
The adder closely misses you. 😮 HP[-2] MP[-2]
You take 2 damage, and now have 11/16 hp.
You lost 2 mp, and now have 3/7 mp.
Casting: Ensorcelled Hibernation (safe; 16% risk of failure)
Confirm with . or Enter, or press ? or * to list all spells.
Aiming: Ensorcelled Hibernation (safe; 16% risk of failure)
Press: ? - help, Shift-Dir - straight line, f/p - adder
Aim: an adder (moderately wounded, chance to affect: 47%)
The adder resists with some effort.
You feel sick. The adder closely misses you. 😮 MP[-2]
You lost 2 mp, and now have 1/7 mp.
You are too injured to fight recklessly!
You are too injured to fight recklessly!
You hit the adder but do no damage.
You feel sick. The adder closely misses you. The adder bites you.
* * * LOW HITPOINT WARNING * * *
😨 HP[-3]
You take 3 damage, and now have 8/16 hp.
You barely miss the adder.
You feel sick. The adder bites you.
* * * LOW HITPOINT WARNING * * *
😱 HP[-5]
You take 5 damage, and now have 3/16 hp.
MASSIVE DAMAGE!! (PAUSE) It was a potion of curing.
Your system rejects the healing.
You feel better. The adder bites you but does no damage.
Casting: Ensorcelled Hibernation (safe; 16% risk of failure)
Confirm with . or Enter, or press ? or * to list all spells.
You don't have enough magic to cast this spell.
You have no ailments to cure.
Okay, then.
You miss the adder. The adder bites you but does no damage.
You hit the adder but do no damage. The adder bites you.
* * * LOW HITPOINT WARNING * * *
You are lethally poisoned!
The adder poisons you! The adder barely misses you. 😱 HP[-1]
You take 1 damage, and now have 2/16 hp.
Your system rejects the healing.
You feel better. The adder barely misses you. 😱 MP[+1]
Casting: Ensorcelled Hibernation (safe; 16% risk of failure)
Confirm with . or Enter, or press ? or * to list all spells.
Aiming: Ensorcelled Hibernation (safe; 16% risk of failure)
Press: ? - help, Shift-Dir - straight line, f/p - adder
Aim: an adder (moderately wounded, chance to affect: 47%)
The adder resists with some effort.
The adder barely misses you. 😱 MP[-2]
You lost 2 mp, and now have 0/7 mp.
As you read the scroll labelled VUIZUPTOCH, it crumbles to dust.
You feel aware of your surroundings.
It was a scroll of magic mapping.
The adder bites you.
You die...

Skill      XL: |  1  2 |
---------------+-------+-----
Short Blades   | 1 |  1.3
Stealth        | 4 |  4.0
Dodging        | |  1.9
Spellcasting   | |  2.6
Hexes          | |  3.3

Action                   || total
-------------------------++-------
Melee: Dagger            ||   131
       Bite              ||    29
 Cast: Ensorcelled Hiber ||     5
  Use: Potion            ||     2
       Scroll            ||     1
 Stab: Sleeping          ||     9
       Distracted        ||     1
Armor: Robe              ||    48
Dodge: Dodged            ||    85

Levels and vault maps discovered:
D:1:      dpeg_arrival_water_temple_mockup, layout_loops_ring,
          minmay_tiny_reverse_x
D:2:      layout_basic

Notes
Turn   | Place    | Note
-------+----------+-------------------------------------------
     0 | D:1      | spiderkeys the Vine Stalker Enchanter began the quest for
                  | the Orb.
     0 | D:1      | Reached XP level 1. HP: 9/9 MP: 4/4
     0 | D:1      | magus.rc [v1.9.10]
   216 | D:1      | Reached skill level 1 in Short Blades
   346 | D:1      | Reached XP level 2. HP: 13/13 MP: 6/6
   929 | D:1      | Reached skill level 4 in Stealth
   929 | D:1      | Reached XP level 3. HP: 11/16 MP: 5/7
  1158 | D:1      | Learned a level 2 spell: Ensorcelled Hibernation
  1913 | D:2      | HP: 3/16 [adder (4)]
  1920 | D:2      | Slain by an adder

Vanquished Creatures
  A worm (D:2)
  4 bats
  2 endoplasms (D:1)
  A giant cockroach (D:1)
  3 goblins
  2 hobgoblins (D:1)
  4 jackals (D:1)
  5 kobolds
  A quokka (D:1)
  2 ball pythons
  2 frilled lizards (D:1)
  3 rats
30 creatures vanquished.

Table legend:
 A = Non-vault XP
 B = Vault XP
 C = Vault XP percentage of total XP
 D = Non-vault monster count
 E = Vault monster count
 F = Vault count percentage of total count
                 A         B        C        D         E       F
            +---------+---------+-------+---------+---------+-------
      Total |      50 |       3 |   5.7 |      28 |       2 |   6.7
            +---------+---------+-------+---------+---------+-------
        D:1 |      37 |       3 |   7.5 |      22 |       2 |   8.3
        D:2 |      13 |       0 |   0.0 |       6 |       0 |   0.0
            +---------+---------+-------+---------+---------+-------

Illustrated notes

Table legend:
 A = Kills in this place as a percentage of kills in entire the game.
 B = Kills by you in this place as a percentage of kills by you in the entire game.
 C = Kills by friends in this place as a percentage of kills by friends in the entire game.
 D = Other kills in this place as a percentage of other kills in the entire game.
 E = Experience gained in this place as a percentage of experience gained in the entire game.
 F = Experience gained in this place divided by the number of levels of this place that you have seen.
                   A       B       C       D       E      F
               +-------+-------+-------+-------+-------+----------------------
         Total | 100.0 | 100.0 |   N/A |   N/A | 100.0 |  26.5
       Dungeon | 100.0 | 100.0 |   N/A |   N/A | 100.0 |  26.5
               +-------+-------+-------+-------+-------+----------------------

Table legend: (Time is in decaauts)
 A = Elapsed time spent in this place.
 B = Non-inter-level travel time spent in this place.
 C = Inter-level travel time spent in this place.
 D = Time resting spent in this place.
 E = Time spent auto-exploring this place.
 F = Levels seen in this place.
 G = Mean time per level.
                   A        B        C        D        E       F      G
               +--------+--------+--------+--------+--------+-----+--------+
         Total |   1912 |   1843 |     69 |      0 |   1560 |   2 |  956.0 |
       Dungeon |   1912 |   1843 |     69 |      0 |   1560 |   2 |  956.0 |
               +--------+--------+--------+--------+--------+-----+--------+

Top non-repeatable levels by time:
     D:1: 1495 daAuts
     D:2: 417 daAuts
